 Dungeon Crawl Stone Soup version 0.18.1-8-gdd0e5ea (webtiles) character file.

413 mopl the Gusty (level 6, 0/41 HPs)
             Began as a Demonspawn Air Elementalist on May 22, 2016.
             Slain by Edmund
             ... wielding a +2 flail of crushing
              (8 damage)
             ... on level 5 of the Dungeon on May 23, 2016.
             The game lasted 00:05:13 (3007 turns).

mopl the Gusty (Demonspawn Air Elementalist)        Turns: 3007, Time: 00:05:14

Health: 0/41       AC:  6    Str: 12    XL:     6   Next: 59%
Magic:  5/11       EV: 14    Int: 18    God:
Gold:   240        SH:  0    Dex: 13    Spells: 4 memorised, 4 levels left

rFire  . . .     SeeInvis .     i - +0 war axe
rCold  . . .     Gourm    +     a - +0 robe
rNeg   . . .     Faith    .     (no shield)
rPois  .         Spirit   .     (no helmet)
rElec  .         Dismiss  .     e - +2 cloak
rCorr  .         Reflect  .     q - +0 pair of gloves
SustAt .         Harm     .     (no boots)
MR     .....                    p - amulet of the gourmand
Stlth  ++........               (no ring)
                                w - +3 ring of strength

@: repel missiles, not resistant to hostile enchantments, unstealthy
A: hooves 2, repulsion field 1, spiny 1
a: no special abilities


You were on level 5 of the Dungeon.
You were not hungry.

You visited 1 branch of the dungeon, and saw 6 of its levels.

You collected 240 gold pieces.

Inventory:

Hand Weapons
 i - a +0 war axe (weapon)
 z - a +0 blowgun
Missiles
 l - 19 poisoned needles
 y - 5 curare-tipped needles
Armour
 a - a +0 robe (worn)
 e - a +2 cloak (worn)
 q - a +0 pair of gloves (worn)
Jewellery
 p - an amulet of the gourmand (around neck)
 w - a +3 ring of strength (left hand)
Wands
 m - a wand of iceblast (7/15)
Scrolls
 d - 2 scrolls of enchant armour {unknown}
 h - a scroll of enchant weapon {unknown}
 k - 2 scrolls of remove curse {unknown}
 o - a scroll of recharging {unknown}
 s - a scroll of random uselessness {unknown}
 v - 2 scrolls of identify {unknown}
Potions
 g - a potion of berserk rage {unknown}
 j - a potion of lignification {unknown}
 n - a potion of curing {unknown}
 t - a potion of might {unknown}
 u - 2 potions of flight {unknown}
Books
 b - a book of Air

   Spells                             Type                      Level
   a - Shock                          Conjuration/Air              1
   b - Swiftness                      Charms/Air                   2
   c - Repel Missiles                 Charms/Air                   2
   d - Static Discharge               Conjuration/Air              3
   e - Lightning Bolt                 Conjuration/Air              5
Comestibles
 c - 6 bread rations
 f - 2 meat rations
 r - a slice of pizza
 x - a beef jerky


   Skills:
 - Level 1.7 Dodging
 - Level 1.7 Stealth
 + Level 3.6 Spellcasting
 + Level 3.2 Conjurations
 * Level 5.3 Air Magic


You had 4 spell levels left.
You knew the following spells:

 Your Spells              Type           Power        Failure   Level  Hunger
a - Shock                 Conj/Air       ###.         2%          1    None
b - Static Discharge      Conj/Air       ###.....     10%         3    ###....
i - Repel Missiles        Chrm/Air       ##....       10%         2    ##.....
n - Swiftness             Chrm/Air       ##......     10%         2    ##.....


Dungeon Overview and Level Annotations

Branches:
Dungeon (6/15)
 Temple: D:4-7

Altars:
Gozag

Annotations:
D:5 Edmund


Innate Abilities, Weirdness & Mutations

You have hoof-like feet.
You are surrounded by a mild repulsion field (EV +2).
You are partially covered in sharp spines.


Message History

Edmund is lightly wounded.
Edmund barely misses you.
You closely miss Edmund. You kick Edmund, but do no damage.
Edmund is lightly wounded.
Edmund barely misses you.
Casting: Static Discharge
Confirm with . or Enter, or press ? or * to list all spells.
Edmund is struck by lightning.
Edmund is moderately wounded.
The lightning grounds out.
Edmund hits you with a flail of crushing.
* * * LOW HITPOINT WARNING * * *
x2 Unknown command.
Casting: Static Discharge
Confirm with . or Enter, or press ? or * to list all spells.
Edmund is struck by lightning.
Edmund is heavily wounded.
The lightning grounds out.
Edmund hits you with a flail of crushing!
You die...

#....)#
#.<...#
#.....#
#.....#
#.?...#
#####.....#
#.....@..?#
#.....@...#
#.........#
#.....#####
#.....#
##....)#####
#..........#
#..........#
#..........#
#..........+


You could see Edmund.

Vanquished Creatures
  A centaur (D:6)
  A giant frog (D:6)
  A crimson imp (D:3)
  A quasit (D:6)
  A jelly (D:6)
  Ijyb (D:3)
  A gnoll (D:1)
  4 adders
  2 oozes
  A worm (D:2)
  2 dart slugs (D:1)
  5 giant geckos
  4 orcs
  A giant cockroach (D:1)
  8 goblins
  11 hobgoblins
  4 jackals (D:2)
  3 quokkas
  2 ball pythons
  12 bats
  4 giant newts
  6 kobolds
  2 quokka skeletons
  7 rats
85 creatures vanquished.

Notes
Turn   | Place    | Note
--------------------------------------------------------------
     0 | D:1      | mopl the Demonspawn Air Elementalist began the quest for the Orb.
     0 | D:1      | Reached XP level 1. HP: 13/13 MP: 3/3
   535 | D:1      | Gained mutation: You are partially covered in sharp spines. [demonic ancestry]
   535 | D:1      | Reached XP level 2. HP: 13/19 MP: 0/5
   735 | D:1      | Reached skill level 3 in Air Magic
   841 | D:1      | Gained mutation: You have large cloven feet. [demonic ancestry]
   841 | D:1      | Reached XP level 3. HP: 21/24 MP: 6/6
  1013 | D:1      | Learned a level 3 spell: Static Discharge
  1016 | D:1      | Learned a level 2 spell: Repel Missiles
  1425 | D:2      | Reached skill level 2 in Conjurations
  1425 | D:2      | Gained mutation: You have hoof-like feet. [demonic ancestry]
  1425 | D:2      | Reached XP level 4. HP: 23/30 MP: 7/7
  1680 | D:2      | Found an opulent altar of Gozag.
  1817 | D:3      | Noticed Ijyb
  1824 | D:3      | Killed Ijyb
  1824 | D:3      | Reached skill level 4 in Air Magic
  1945 | D:3      | Learned a level 2 spell: Swiftness
  1948 | D:3      | Reached XP level 5. HP: 32/35 MP: 9/9
  2231 | D:3      | Reached skill level 3 in Spellcasting
  2572 | D:4      | You fall through a shaft for 2 floors!
  2600 | D:6      | Gained mutation: You are surrounded by a mild repulsion field (EV +2). [demonic ancestry]
  2600 | D:6      | Reached XP level 6. HP: 24/41 MP: 9/11
  2626 | D:6      | Reached skill level 3 in Conjurations
  2626 | D:6      | Reached skill level 5 in Air Magic
  2944 | D:6      | Noticed an orc warrior
  2964 | D:5      | Entered Level 5 of the Dungeon
  2998 | D:5      | Noticed Edmund
  3007 | D:5      | Slain by Edmund

Skill      XL: |  1  2  3  4  5  6 |
---------------+-------------------+-----
Air Magic      | 3 4 5 |  5.3
Conjurations   | 2 3 |  3.2
Spellcasting   | 3 |  3.6
Dodging        | |  1.7
Stealth        | |  1.7

Action                   |  1- 3 |  4- 6 || total
-------------------------+-------+-------++-------
Melee: Unarmed           |    61 |       ||    61
       War axe           |    16 |    65 ||    81
       Kick              |     8 |    14 ||    22
 Cast: Shock             |    21 |     4 ||    25
       Repel Missiles    |     1 |       ||     1
       Static Discharge  |       |     5 ||     5
 Stab: Sleeping          |     3 |     1 ||     4
  Eat: Chunk             |     2 |    10 ||    12
Armor: Robe              |    13 |    30 ||    43
Dodge: Dodged            |    42 |    43 ||    85
       Deflected         |       |     1 ||     1
